 Dungeon Crawl Stone Soup version 0.31-a0-1570-g93c622d222 (webtiles) character file.

Game seed: 12448084584850439709

5861 Inarius the Grappler (level 10, -8/141 HPs)
             Began as a Troll Chaos Knight on Jan 3, 2024.
             Was a Plaything of Xom.
             Mangled by an orange demon (10 damage)
             ... led by Amaemon
             ... on level 9 of the Dungeon.
             The game lasted 00:10:32 (7674 turns).

Inarius the Grappler (Troll Chaos Knight)           Turns: 7674, Time: 00:10:33

Health: -8/141     AC: 25    Str: 26    XL:     10   Next: 52%
Magic:  0/9        EV:  1    Int: 14    God:    Xom [..*...]
Gold:   924        SH:  0    Dex:  7    Spells: 9/9 levels left

rFire   . .          .
                       - Unarmed
rCold   . . .        (no shield)
rNeg    . . .        a - melded +2 robe
rPois   +            (helmet currently unavailable)
rElec   .            h - melded +0 cloak
rCorr   .            (gloves unavailable)
SInv    .            (boots unavailable)
Will    .....        i - amulet of guardian spirit
Stlth   ++           e - +6 ring of intelligence
HPRegen 1.23/turn    (no ring)
MPRegen 0.11/turn

%: random rage (3%), guardian spirit
@: lethally poisoned (-8 -> -8), tree-form, weakened, slowed, very slow
A: stationary, stasis, torment immunity, boosted hp, large, unfitting armour,
(claws 3), regeneration 1, (shaggy fur 1), (tough skin 1), berserk 1, clumsy 1,
(deformed body), (heat vulnerability 1)
a: Renounce Religion


You were on level 9 of the Dungeon.
You worshipped Xom.
You were a toy of Xom.
You were a tree.
You visited 1 branch of the dungeon, and saw 9 of its levels.
You also visited: Bailey.

You collected 924 gold pieces.

Inventory:

Armour
 a - a +2 robe (melded)
 h - a +0 cloak (melded)
Jewellery
 e - a +6 ring of intelligence (left branch)
 i - an amulet of guardian spirit (around neck)
 v - an amulet of magic regeneration
Wands
 c - a wand of light (5)
 r - a wand of flame (24)
 y - a wand of paralysis (9)
 z - a wand of digging (4)
 B - a wand of iceblast (13)
Scrolls
 b - a scroll of butterflies
 m - 2 scrolls of enchant weapon
 n - 3 scrolls of teleportation
 u - 2 scrolls of noise
 A - a scroll of enchant armour {unknown}
 C - 3 scrolls of poison {unknown}
 E - a scroll of amnesia {unknown}
 F - a scroll of immolation
Potions
 d - 7 potions of enlightenment
 f - 6 potions of curing
 j - 2 potions of might
 k - a potion of magic {unknown}
 l - a potion of cancellation
 o - a potion of lignification
 p - a potion of brilliance {unknown}
 q - a potion of degeneration {unknown}
 t - a potion of invisibility {unknown}
 w - 4 potions of mutation {unknown}
 x - 2 potions of ambrosia {unknown}


   Skills:
 + Level 4.5 Fighting
 + Level 6.1 Dodging
 - Level 2.3 Stealth
 + Level 12.0 Unarmed Combat
 * Level 4.1 Evocations


You had 9 spell levels left.
You didn't know any spells.
Your spell library contained the following spells:

 Spells                   Type           Power      Damage    Failure   Level
 Brom's Barrelling Bould  Conj/Erth      0%         2d3       96%         4
 Vhi's Electric Charge    Tloc/Air       0%         N/A       96%         4
 Arcjolt                  Conj/Air       0%         1d10      100%        5
 Summon Forest            Summ/Tloc      0%         N/A       100%        5
 Bombard                  Conj/Erth      0%         9d1       100%        6
 Eringya's Noxious Bog    Alch           0%         4d6       100%        6
 Plasma Beam              Fire/Air       0%         2x1d10    100%        6
 Starburst                Conj/Fire      0%         6d3       100%        6
 Summon Hydra             Summ           0%         N/A       100%        7


Dungeon Overview and Level Annotations

Branches:
Dungeon (9/15)             Temple (0/1) D:5            Lair (0/5) D:9
 Bailey (visited)
    Orc: D:9-12

Altars:
Cheibriados
Gozag
Ru
Sif Muna
Trog
Uskayaw

Annotations:
D:9 Amaemon, Joseph


Innate Abilities, Weirdness & Mutations

You are a tree.
Your roots penetrate the ground, keeping you stationary.
You cannot be teleported.
You are immune to unholy pain and torment.
Your maximum health is greatly increased.
Your equipment is partially melded.
You are too large for most types of armour.
((You have claws for hands.))
Your natural rate of healing is unusually fast.
((You are covered in fur. (AC +1)))
((You have tough skin. (AC +1)))
You sometimes lose your temper in combat.
You are clumsy. (Dex -2)
((Armour fits poorly on your strangely shaped body.))
((You are vulnerable to heat. (rF-)))


Message History

Joseph looks desperately for an escape route.
Cornered, Joseph turns to fight!
You closely miss Amaemon.
Amaemon is heavily wounded.
You feel very sick.
Amaemon hits you with a +1 demon whip of venom!
* * * LOW HITPOINT WARNING * * *
Amaemon claws you.
* * * LOW HITPOINT WARNING * * *
Amaemon completely misses you. The orange demon stings you from afar.
* * * LOW HITPOINT WARNING * * *
Joseph shoots a sling bullet.
The sling bullet hits you but does no damage.
Amaemon completely misses you. Amaemon claws you but does no damage.
Amaemon tail-slaps you but does no damage.
The orange demon stings you but does no damage.
Unknown command.
Unknown command.
As you read the scroll of fog, it dissolves into smoke.
You feel very sick. The orange demon stings you from afar.
* * * LOW HITPOINT WARNING * * *
You resist.
Amaemon hits you with a +1 demon whip of venom.
* * * LOW HITPOINT WARNING * * *
Amaemon claws you but does no damage.
Amaemon tail-slaps you but does no damage.
Joseph shoots a sling bullet.
The sling bullet hits you but does no damage.
Unknown command.
You feel much better.
You feel sick.
The orange demon stings you but does no damage.
Amaemon hits you but does no damage. Amaemon claws you.
* * * LOW HITPOINT WARNING * * *
Amaemon tail-slaps you but does no damage.
Joseph shoots a sling bullet.
The sling bullet hits you!
* * * LOW HITPOINT WARNING * * *
The orange demon stings you from afar!
You die...
Xom snickers!

########### #..........
######..........
#.......4§§...?.
.@....§§6§..... .....§§♣§§.....
....#.§§§§..... . #.§§§......
#..............
########..............#
#.....................+
#.#####...............#
#####.#####.####+####.....#
......)))>..####.####.....#####


You could see Amaemon, Joseph and an orange demon (curare).

Vanquished Creatures
  A cyclops (D:8)
  2 trolls
  A hornet (D:8)
  Sigmund (D:4)
  2 shadows
  A wraith (D:9)
  2 wyverns
  3 steam dragons
  2 water moccasins
  7 orc warriors (Bailey)
  3 sky beasts (D:7)
  2 ice beasts
  2 ogres
  3 wolves (D:9)
  A centaur (D:9)
  A kobold brigand (D:7)
  4 bullfrogs
  A gnoll sergeant (D:9)
  4 scorpions
  6 killer bees (D:8)
  A quasit (D:3)
  5 hounds
  A gnoll bouda (D:9)
  2 sleepcaps
  3 iguanas
  2 orc wizards (D:9)
  Natasha (D:3)
  Robin (D:4)
  17 gnolls
  6 adders
  2 white imps
  4 ufetubi (D:7)
  A ribbon worm (D:3)
  A dart slug (D:4)
  17 orcs
  8 ball pythons
  5 endoplasms
  3 giant cockroaches
  11 hobgoblins
  2 jackals (D:5)
  25 kobolds
  2 quokkas
  2 bats (D:3)
  6 frilled lizards
  23 goblins
  2 rats
202 creatures vanquished.

Vanquished Creatures (collateral kills)
  Blork the orc (D:4)
  A kobold (D:4)
2 creatures vanquished.

Grand Total: 204 creatures vanquished

Notes
Turn   | Place    | Note
-------+----------+-------------------------------------------
     0 | D:1      | Inarius the Troll Chaos Knight began the quest for the Orb.
     0 | D:1      | Reached XP level 1. HP: 22/22 MP: 0/0
   148 | D:1      | Reached XP level 2. HP: 29/29 MP: 1/1
   323 | D:1      | XOM: divination: detect creatures
   480 | D:2      | Reached XP level 3. HP: 33/36 MP: 2/2
   526 | D:2      | XOM: silly message
   653 | D:2      | Got Kiecomm's Teachings on Kinetic Energy
   747 | D:2      | XOM: silly message
   855 | D:2      | XOM is BORED!
  1386 | D:3      | Reached skill level 4 in Unarmed Combat
  1492 | D:3      | XOM: 8-stop teleportation journey
  1558 | D:3      | Noticed Grinder
  1567 | D:3      | XOM: cleaving
  1568 | D:3      | XOM: 6-stop teleportation journey
  1782 | D:3      | Paralysed by Grinder for 4 turns
  1783 | D:3      | XOM: summons 2 friendly demons
  1787 | D:3      | Grinder changed into Grinder the ice devil
  1787 | D:3      | Noticed Grinder
  1787 | D:3      | XOM: polymorph Grinder -> Grinder the ice devil
  1794 | D:3      | XOM: swap monsters
  1797 | D:3      | Grinder the ice devil changed into Grinder the quasit
  1797 | D:3      | Noticed Grinder
  1797 | D:3      | XOM: polymorph Grinder the ice devil -> Grinder the quasit
  1851 | D:3      | Killed Grinder the quasit
  1852 | D:3      | Reached XP level 4. HP: 44/44 MP: 3/3
  1971 | D:3      | Noticed Natasha
  1975 | D:3      | Killed Natasha
  2085 | D:4      | Reached skill level 5 in Unarmed Combat
  2085 | D:4      | Reached XP level 5. HP: 52/52 MP: 4/4
  2104 | D:4      | XOM: 1-stop teleportation journey
  2116 | D:4      | XOM: silly message
  2117 | D:4      | Noticed Blork the orc
  2122 | D:4      | XOM: summons 5 friendly demons
  2125 | D:4      | Killed Blork the orc
  2130 | D:4      | Reached XP level 6. HP: 32/59 MP: 5/5
  2199 | D:4      | Reached skill level 1 in Stealth
  2319 | D:4      | Noticed Sigmund
  2327 | D:4      | Killed Sigmund
  2328 | D:4      | Reached skill level 6 in Unarmed Combat
  2335 | D:4      | Noticed Robin
  2359 | D:4      | Killed Robin
  2557 | D:4      | Reached XP level 7. HP: 20/66 MP: 6/6
  2612 | D:4      | Found a shimmering blue altar of Sif Muna.
  3214 | D:5      | Entered Level 5 of the Dungeon
  3242 | D:5      | XOM: scenery: 1 doors open
  3246 | D:5      | Reached skill level 7 in Unarmed Combat
  3265 | D:5      | XOM: 2-stop teleportation journey
  3521 | D:5      | XOM: smoke on damage
  3527 | D:5      | XOM: scenery: summon butterflies
  3602 | D:5      | Noticed a wyvern
  3607 | D:5      | XOM: cleaving
  3610 | D:5      | Killed a wyvern
  3611 | D:5      | Reached skill level 8 in Unarmed Combat
  3611 | D:5      | Reached XP level 8. HP: 56/75 MP: 7/7
  3876 | D:5      | Found a staircase to the Ecumenical Temple.
  3917 | D:5      | XOM: enchant monster (bad)
  4202 | D:5      | XOM is BORED!
  4202 | D:5      | XOM: give mutations
  4202 | D:5      | Gained mutation: You are resistant to electric shocks.
                  | (rElec) [Xom's mischief]
  4202 | D:5      | Gained mutation: You are vulnerable to heat. (rF-) [Xom's
                  | mischief]
  4463 | D:6      | XOM: enchant monster (bad)
  4482 | D:6      | Reached skill level 1 in Evocations
  4654 | D:6      | XOM: draining
  4676 | D:6      | XOM: stat loss: -1 Str (22/23)
  4976 | D:6      | XOM: give mutations
  4976 | D:6      | Gained mutation: You sometimes lose your temper in combat.
                  | [Xom's mischief]
  4976 | D:6      | Gained mutation: Armour fits poorly on your strangely
                  | shaped body. [Xom's mischief]
  4976 | D:6      | Gained mutation: You are dopey. (Int -2) [Xom's mischief]
  5133 | D:6      | Reached skill level 9 in Unarmed Combat
  5209 | D:7      | Noticed a troll
  5238 | D:7      | XOM: summons 5 hostile demons
  5239 | D:7      | Noticed a smoke demon
  5243 | D:7      | Gained mutation: You are clumsy. (Dex -2) [a neqoxec]
  5337 | D:7      | XOM: repel stairs
  5340 | D:7      | Killed a troll
  5369 | D:7      | Reached XP level 9. HP: 83/83 MP: 8/8
  5436 | D:7      | Found a sacrificial altar of Ru.
  5461 | D:7      | Found a flagged portal.
  5503 | Bailey   | Entered a bailey
  5571 | Bailey   | Reached skill level 5 in Dodging
  5571 | Bailey   | Reached skill level 10 in Unarmed Combat
  5722 | Bailey   | XOM: confusion (+ monsters)
  5729 | Bailey   | XOM: silly message
  6335 | D:7      | XOM: 1-stop teleportation journey
  6402 | D:7      | XOM: swap monsters
  6403 | D:7      | XOM: summons 2 hostile demons
  6411 | D:7      | XOM: scenery: summon butterflies
  6543 | D:8      | Paralysed by a hornet for 1 turns
  6547 | D:8      | Reached skill level 11 in Unarmed Combat
  6613 | D:8      | XOM: 1-stop teleportation journey
  6742 | D:8      | Reached XP level 10. HP: 82/92 MP: 5/9
  6744 | D:8      | XOM: smoke on damage
  6745 | D:8      | XOM: 6-stop teleportation journey
  6842 | D:8      | Found a snail-covered altar of Cheibriados.
  7022 | D:8      | XOM: give mutations
  7022 | D:8      | Lost mutation: You are dopey. (Int -2) [Xom's mischief]
  7022 | D:8      | Lost mutation: You are resistant to electric shocks.
                  | (rElec) [Xom's mischief]
  7034 | D:8      | XOM: smoke on damage
  7078 | D:8      | Noticed a cyclops
  7085 | D:8      | XOM: potion effect (brilliance)
  7088 | D:8      | Killed a cyclops
  7231 | D:9      | XOM: divination: detect items
  7423 | D:9      | XOM: confuse monster(s)
  7425 | D:9      | XOM: divination: detect creatures
  7435 | D:9      | XOM: cast spell 'Iskenderun's Battlesphere'
  7454 | D:9      | Found a hide-covered altar of Uskayaw.
  7462 | D:9      | Found an opulent altar of Gozag.
  7470 | D:9      | Found a bloodstained altar of Trog.
  7500 | D:9      | XOM: god gift: scroll of fog
  7575 | D:9      | XOM: silly message
  7602 | D:9      | Found a staircase to the Lair.
  7637 | D:9      | Reached skill level 12 in Unarmed Combat
  7658 | D:9      | Noticed Amaemon
  7658 | D:9      | Noticed an orange demon
  7661 | D:9      | Noticed Joseph
  7671 | D:9      | XOM: divination: detect creatures
  7673 | D:9      | HP: 7/141 [orange demon[Amaemon] (2)]
  7673 | D:9      | HP: 2/141 [Amaemon/+1 demon whip of venom (5)]
  7674 | D:9      | Mangled by an orange demon

Illustrated notes

Levels and vault maps discovered:
D:1:      pf_arrival_petrified_forest, layout_rooms
D:2:      layout_basic, serial_forest, infiniplex_forest_clump_long,
          infiniplex_forest_clump_tiny, infiniplex_forest_clump_curved,
          infiniplex_forest_end_1, infiniplex_forest_lined_3,
          infiniplex_forest_straight_2, infiniplex_forest_lined_corner,
          infiniplex_forest_lined_1
D:3:      layout_loops_ring, uniq_grinder, uniq_natasha
D:4:      layout_layer_cave, lemuel_tele_altar, uniq_sigmund, uniq_robin,
          uniq_blork_the_orc
D:5:      layout_loops_corners, temple_hall, serial_glass, glass_columns_b,
          glass_columns_c
D:6:      layout_basic, lightli_orcish_oven
D:7:      layout_cave_pods, nicolae_ru_great_annihilating_truth, enter_bailey_5
D:8:      layout_basic, cheibriados_altar_1
D:9:      layout_basic, minitemple, erik_lair_island,
          nicolae_phantomly_mirrored, uniq_harold, uniq_amaemon, uniq_joseph

Skill      XL: |  1  2  3  4  5  6  7  8  9 10 |
---------------+-------------------------------+-----
Dodging        | 2 3 4 5 6 |  6.1
Unarmed Combat | 4 5 6 8 9 11 12 | 12.0
Stealth        | 1 2 |  2.3
Fighting       | 3 4 |  4.5
Evocations     | 1 3 4 |  4.1

Action                     |  1- 3 |  4- 6 |  7- 9 | 10-12 || total
---------------------------+-------+-------+-------+-------++-------
  Melee: Unarmed           |   105 |    81 |   269 |   113 ||   568
         Punch             |       |     4 |     9 |     4 ||    17
    Use: Scroll            |       |       |     9 |     5 ||    14
         Potion            |       |       |     2 |     5 ||     7
   Stab: Sleeping          |     1 |       |     1 |       ||     2
         Paralysed         |       |       |     1 |       ||     1
 Armour: Robe              |    57 |    72 |   242 |    99 ||   470
         Skin              |       |       |       |    54 ||    54
  Dodge: Dodged            |    59 |    48 |   199 |    56 ||   362

Table legend: (Time is in decaauts)
 A = Elapsed time spent in this place.
 B = Non-inter-level travel time spent in this place.
 C = Inter-level travel time spent in this place.
 D = Time resting spent in this place.
 E = Time spent auto-exploring this place.
 F = Levels seen in this place.
 G = Mean time per level.
                   A        B        C        D        E       F      G
               +--------+--------+--------+--------+--------+-----+--------+
         Total |   7660 |   7318 |    342 |    215 |   5526 |  10 |  766.0 |
       Dungeon |   7270 |   6928 |    342 |    162 |   5381 |   9 |  807.8 |
        Bailey |    390 |    390 |      0 |     53 |    145 |   1 |  390.0 |
               +--------+--------+--------+--------+--------+-----+--------+

Top non-repeatable levels by time:
     D:4: 1145 daAuts
     D:6: 1061 daAuts
     D:5: 1013 daAuts
     D:2: 820 daAuts
     D:7: 800 daAuts
     D:3: 763 daAuts
     D:8: 728 daAuts
     D:9: 471 daAuts
     D:1: 465 daAuts
  Bailey: 390 daAuts
